 Dungeon Crawl Stone Soup version 0.29.1-1-gd02db69 (webtiles) character file.

Game seed: 9707859927149695369

2013 Kel the Cleaver (level 9, -2/79 HPs)
             Began as a Minotaur Berserker on Nov 23, 2022.
             Was a Priest of Trog.
             Succumbed to barbed spike wounds
             ... on level 7 of the Dungeon.
             The game lasted 00:08:27 (5710 turns).

Kel the Cleaver (Minotaur Berserker)                Turns: 5710, Time: 00:08:28

Health: -2/79      AC: 13    Str: 27    XL:     9   Next: 2%
Magic:  0/8        EV: 10    Int:  4    God:    Trog [***...]
Gold:   267        SH:  0    Dex: 15    Spells: 8/8 levels left

rFire   . . .      SeeInvis .   y - +0 broad axe
rCold   . . .      Faith    .   (no shield)
rNeg    + . .      Spirit   +   z - +0 plate armour
rPois   .          Reflect  .   (helmet restricted)
rElec   .          Harm     .   (no cloak)
rCorr   .          Rampage  .   (no gloves)
Will    .....                   (no boots)
Stlth   ..........              q - amulet of guardian spirit
HPRegen 0.23/turn               o - +6 ring of strength
MPRegen 0.11/turn               h - ring of positive energy

@: spiked, studying Axes
A: horns 2, retaliatory headbutt
a: Renounce Religion, Berserk, Trog's Hand


You were on level 7 of the Dungeon.
You worshipped Trog.
Trog was most pleased with you.
You visited 1 branch of the dungeon, and saw 7 of its levels.

You collected 267 gold pieces.

Inventory:

Hand Weapons
 y - a +0 broad axe (weapon)
Missiles
 m - a throwing net (quivered)
Armour
 z - a +0 plate armour (worn)
Jewellery
 h - a ring of positive energy (right hand)
 o - a +6 ring of strength (left hand)
 q - an amulet of guardian spirit (around neck)
Wands
 r - a wand of flame (52)
 E - a wand of acid (1)
Scrolls
 a - a scroll of brand weapon {unknown}
 b - a scroll of immolation {unknown}
 d - 4 scrolls of identify {unknown}
 e - 4 scrolls of enchant weapon {unknown}
 f - a scroll of summoning {unknown}
 i - a scroll of amnesia {unknown}
 j - 3 scrolls of teleportation {unknown}
 l - 3 scrolls of fear {unknown}
 n - 3 scrolls of poison {unknown}
 p - a scroll of silence {unknown}
 t - a scroll of blinking {unknown}
 v - 2 scrolls of noise {unknown}
 A - a scroll of torment {unknown}
 C - a scroll of enchant armour {unknown}
 F - a scroll of magic mapping {unknown}
Potions
 c - 2 potions of lignification {unknown}
 g - 2 potions of haste {unknown}
 k - 3 potions of brilliance {unknown}
 s - 3 potions of degeneration {unknown}
 u - 3 potions of attraction {unknown}
 w - 2 potions of cancellation {unknown}
 x - 2 potions of heal wounds {unknown}
 B - 2 potions of mutation {unknown}
 D - a potion of magic {unknown}


   Skills:
 - Level 7.2 Fighting
 + Level 11.5 Axes
 - Level 6.7 Armour
 - Level 6.1 Dodging


You had 8 spell levels left.
You didn't know any spells.
Your spell library was empty.

Dungeon Overview and Level Annotations

Branches:
Dungeon (7/15)             Temple (0/1) D:5

Altars:
Nemelex Xobeh
Qazlal
Uskayaw
Xom

Shops:
D:1 (


Innate Abilities, Weirdness & Mutations

You have a pair of horns on your head.
You reflexively headbutt those who attack you in melee.


Message History

Barbed spikes become lodged in your body.
The neqoxec hits you!
You hit the kobold demonologist.
Your headbutt misses the kobold demonologist.
The kobold demonologist is moderately wounded.
You closely miss the neqoxec.
The kobold demonologist mumbles some strange words.
The kobold demonologist miscasts a cantrip.
The neqoxec hits you. The red devil misses you.
The kobold demonologist hits you but does no damage.
You miss the kobold demonologist. You headbutt the kobold demonologist.
The kobold demonologist is moderately wounded.
You hit the neqoxec. The neqoxec hits you!
The red devil hits you from afar with a +0 trident!!
* * * LOW HITPOINT WARNING * * *
Barbed spikes become lodged in your body.
The kobold demonologist hits you but does no damage.
The barbs in your skin will harm you if you move.
Continue? [Y]es or [N]o only, please.
The barbs in your skin will harm you if you move.
Continue?
The kobold demonologist attacks as you move away!
The kobold demonologist hits you with a +0 dagger.
* * * LOW HITPOINT WARNING * * *
The barbed spikes dig painfully into your body as you move.
* * * LOW HITPOINT WARNING * * *
You see here a +0 ring mail.
The kobold demonologist attacks as you move away!
The kobold demonologist misses you. The neqoxec attacks as you move away!
The neqoxec hits you.
* * * LOW HITPOINT WARNING * * *
The barbed spikes dig painfully into your body as you move.
* * * LOW HITPOINT WARNING * * *
The neqoxec attacks as you move away! The neqoxec barely misses you.
The barbed spikes dig painfully into your body as you move.
* * * LOW HITPOINT WARNING * * *
The neqoxec attacks as you move away! The neqoxec closely misses you.
You furiously retaliate!
You headbutt the neqoxec, but do no damage.
The barbed spikes dig painfully into your body as you move.
You die...

......# ..
......# #.#######
......#
........##4K.[...
.........)K......
......KK#######..
.......3#
........#
.......@#
.......<#
........#
........#
........#
#########


You could see 2 kobold demonologists and a neqoxec (summoned).

Vanquished Creatures
  A kobold demonologist (D:7)
  Menkaure (D:4)
  A water moccasin (D:6)
  2 ice beasts
  A black bear (D:5)
  2 centaurs (D:5)
  3 ogres
  A kobold brigand (D:5)
  A bullfrog (D:5)
  A necrophage (D:5)
  3 scorpions
  4 hounds
  3 jellies
  2 iguanas (D:4)
  2 orc wizards (D:5)
  Ijyb (D:5)
  4 adders
  2 white imps (D:5)
  An ufetubus (D:5)
  4 dart slugs
  A worm (D:2)
  7 orcs
  9 ball pythons
  8 endoplasms
  3 giant cockroaches
  8 hobgoblins
  3 jackals (D:3)
  2 quokkas
  6 bats
  5 frilled lizards
  6 goblins
  4 kobolds
  4 rats
106 creatures vanquished.

Notes
Turn   | Place    | Note
-------+----------+-------------------------------------------
     0 | D:1      | Kel the Minotaur Berserker began the quest for the Orb.
     0 | D:1      | Reached XP level 1. HP: 19/19 MP: 0/0
   275 | D:1      | Reached XP level 2. HP: 15/27 MP: 1/1
   628 | D:1      | Reached skill level 4 in Axes
   736 | D:1      | Found Baysej's Weapon Shoppe.
   747 | D:1      | Reached ** piety under Trog
   768 | D:1      | Reached XP level 3. HP: 33/33 MP: 2/2
  1033 | D:2      | Found a faded altar of an unknown god.
  1549 | D:2      | Reached XP level 4. HP: 36/40 MP: 3/3
  2015 | D:3      | Found a stormy altar of Qazlal.
  2082 | D:3      | Noticed a scorpion
  2087 | D:3      | Killed a scorpion
  2286 | D:3      | Reached XP level 5. HP: 47/47 MP: 2/4
  2577 | D:4      | Noticed Menkaure
  2585 | D:4      | Killed Menkaure
  2586 | D:4      | Reached skill level 5 in Fighting
  2586 | D:4      | Reached skill level 5 in Axes
  2691 | D:4      | Reached XP level 6. HP: 40/56 MP: 3/5
  2955 | D:4      | Found a shimmering altar of Xom.
  3440 | D:4      | Found a hide-covered altar of Uskayaw.
  3596 | D:5      | Entered Level 5 of the Dungeon
  3690 | D:5      | Reached skill level 5 in Armour
  3690 | D:5      | Reached XP level 7. HP: 41/62 MP: 2/6
  3693 | D:5      | Reached skill level 6 in Axes
  4082 | D:5      | Reached skill level 5 in Dodging
  4227 | D:5      | Reached *** piety under Trog
  4228 | D:5      | Reached XP level 8. HP: 29/71 MP: 3/7
  4600 | D:5      | Found a sparkling altar of Nemelex Xobeh.
  4741 | D:5      | Found a staircase to the Ecumenical Temple.
  4846 | D:5      | Noticed Ijyb
  4848 | D:5      | Reached skill level 7 in Axes
  4859 | D:5      | Killed Ijyb
  5249 | D:6      | Reached skill level 8 in Axes
  5491 | D:6      | Reached skill level 9 in Axes
  5578 | D:6      | Reached skill level 10 in Axes
  5685 | D:7      | Noticed a kobold demonologist
  5694 | D:7      | Noticed a kobold demonologist
  5698 | D:7      | Noticed a kobold demonologist
  5699 | D:7      | Killed a kobold demonologist
  5700 | D:7      | Reached skill level 11 in Axes
  5700 | D:7      | Reached XP level 9. HP: 75/79 MP: 6/8
  5700 | D:7      | Noticed a red devil
  5706 | D:7      | Noticed an orange demon
  5710 | D:7      | Succumbed to barbed spike wounds

Illustrated notes

Levels and vault maps discovered:
D:1:      scummos_arrival_simple_fountains, layout_basic, serial_shops,
          nicolae_shop_waterfront
D:2:      layout_basic, hellmonk_ecumenical_altar_inner_sanctum
D:3:      layout_basic, mainiacjoe_overflow_alcove_2
D:4:      layout_basic, lemuel_tele_altar, nicolae_uskayaw_suspiria,
          minmay_misc_feat_five, feat_on_display, uniq_menkaure
D:5:      layout_loops_cross, overflow_temple_1_default,
          minmay_temple_entry_enclosed_plants, minmay_misc_feat_tower,
          minmay_manual_mullet, uniq_ijyb
D:6:      nicolae_cairo_tiling, layout_gridville
D:7:      layout_rooms, tso_metal_star, minmay_misc_feat_tiny, uniq_maggie

Skill      XL: |  1  2  3  4  5  6  7  8 |
---------------+-------------------------+-----
Axes           | 4 5 6 11 | 11.5
Fighting       | 4 5 6 7 |  7.2
Armour         | 3 4 5 6 |  6.7
Dodging        | 3 4 5 6 |  6.1

Action                   |  1- 3 |  4- 6 |  7- 9 || total
-------------------------+-------+-------+-------++-------
Melee: Hand axe          |    86 |    66 |       ||   152
       Headbutt          |    13 |    14 |    23 ||    50
       Punch             |       |     1 |       ||     1
       Broad axe         |       |     4 |    98 ||   102
Armor: Animal skin       |     2 |       |       ||     2
       Chain mail        |    37 |    38 |    19 ||    94
       Plate armour      |       |       |    44 ||    44
Dodge: Dodged            |    42 |    41 |    51 ||   134
